 Dungeon Crawl Stone Soup version 0.32-a0-996-gb3226c233f (webtiles) character file.

Game seed: 14838666734294060621

61 javelincjr the Changeling (level 3, 0/29 HPs)
             Began as a Demigod Shapeshifter on Apr 24, 2024.
             Slain by Terence
             ... wielding a +0 mace
              (8 damage)
             ... on level 2 of the Dungeon.
             The game lasted 00:09:52 (1054 turns).

javelincjr the Changeling (Demigod Shapeshifter)    Turns: 1054, Time: 00:09:52

Health: 0/29       AC:  2    Str: 19    XL:     3   Next: 58%
Magic:  5/5        EV: 11    Int: 12    God:
Gold:   47         SH:  0    Dex: 13    Spells: 2/2 levels left

rFire   . .          .
                       - Unarmed
rCold   . . .        (no shield)
rNeg    . . .        a - +0 animal skin
rPois   .            (helmet currently unavailable)
rElec   .            (cloak currently unavailable)
rCorr   .            (gloves currently unavailable)
SInv    .            (boots currently unavailable)
Will    .....        (no amulet)
Stlth   +            (no ring)
HPRegen 0.24/turn    (no ring)
MPRegen 0.09/turn

%: no passive effects
@: beast-form
A: beast (slay +2), high MP 1, forlorn, divine attributes
a: Begin Untransformation


You were on level 2 of the Dungeon.
You were a hulking beast.
You visited 1 branch of the dungeon, and saw 2 of its levels.

You collected 47 gold pieces.

Inventory:

Missiles
 f - 9 stones (quivered)
 h - 5 datura-tipped darts
Armour
 a - a +0 animal skin (worn)
 g - a +0 chain mail
 l - a +0 cloak
Talismans
 c - a beast talisman (active)
 d - a flux talisman
Scrolls
 e - 2 scrolls of enchant armour {unknown}
 i - a scroll of vulnerability {unknown}
 j - a scroll of identify {unknown}
 k - a scroll of silence {unknown}
 m - a scroll of teleportation {unknown}
 n - a scroll of enchant weapon {unknown}
Potions
 b - 2 potions of lignification


   Skills:
 + Level 2.0 Fighting
 - Level 1.7 Dodging
 - Level 2.6 Unarmed Combat
 * Level 3.7 Shapeshifting


You had 2 spell levels left.
You didn't know any spells.
Your spell library was empty.

Dungeon Overview and Level Annotations

Branches:
Dungeon (2/15)

Shops:
D:1 ?

Annotations:
D:2 Terence


Innate Abilities, Weirdness & Mutations

You are a hulking beast.
Your limbs bulge with bestial killing power. (Slay +2)
You have an increased reservoir of magic. (+10% MP)
You shall have no god before yourself.
Your divine heritage dramatically boosts your attributes as you level up.


Message History

The jackal is severely wounded.
The jackal bites you but does no damage.
You barely miss the jackal.
The jackal is severely wounded.
The jackal bites you but does no damage. x2
You barely miss the jackal.
The jackal is severely wounded.
The jackal bites you but does no damage.
You punch the jackal!
You kill the jackal!
Found a whip.
You see here a jackal corpse.
You see here a +0 whip.
Terence the Incautious comes into view.
He is wielding a +0 mace.
Terence shouts!
You hear an angry hiss.
Terence closely misses you.
You hit Terence.
Terence is moderately wounded.
Terence hits you with a +0 mace!
You hit Terence.
Terence is moderately wounded.
Terence hits you with a +0 mace!
You hit Terence but do no damage.
Terence is moderately wounded.
Terence barely misses you.
You hit Terence.
Terence is heavily wounded.
Terence hits you with a +0 mace!
* * * LOW HITPOINT WARNING * * *
You hit Terence but do no damage.
Terence is heavily wounded.
Terence barely misses you.
You barely miss Terence.
Terence is heavily wounded.
Terence misses you.
You hit Terence but do no damage.
Terence is heavily wounded.
Terence hits you with a +0 mace!
You die...
Terence says, "Time to find some more victims."

#.# ####†#
#....# #)##.#
#.############
#............#
##########...#
##...####.#
#....h@...#
#.........#
#.........#
###+#####.# #


You could see Terence.

Vanquished Creatures
  2 gnolls (D:1)
  A dart slug (D:1)
  2 bats (D:1)
  2 endoplasms (D:1)
  2 giant cockroaches (D:1)
  9 goblins (D:1)
  3 hobgoblins (D:1)
  2 jackals (D:2)
  2 ball pythons (D:1)
  3 frilled lizards (D:1)
  6 kobolds (D:1)
  4 rats (D:1)
38 creatures vanquished.

Notes
Turn   | Place    | Note
-------+----------+-------------------------------------------
     0 | D:1      | javelincjr the Demigod Shapeshifter began the quest for the
                  | Orb.
     0 | D:1      | Reached XP level 1. HP: 15/15 MP: 3/3
    24 | D:1      | Reached skill level 1 in Fighting
    53 | D:1      | Reached skill level 3 in Shapeshifting
    59 | D:1      | Reached XP level 2. HP: 22/23 MP: 4/4
    93 | D:1      | Found Zuviudghi's Magic Scroll Shoppe.
   265 | D:1      | Reached XP level 3. HP: 5/29 MP: 5/5
  1042 | D:2      | Noticed Terence
  1054 | D:2      | Slain by Terence

Illustrated notes

Levels and vault maps discovered:
D:1:      matt_arrival_debris, layout_basic, serial_shops, nicolae_shop_stone,
          basic_ecumenical_altar, minmay_box_of_dots
D:2:      layout_basic, uniq_terence

Skill      XL: |  1  2  3 |
---------------+----------+-----
Fighting       | 1 2 |  2.0
Shapeshifting  | 3 |  3.7
Dodging        | |  1.7
Unarmed Combat | |  2.6

Action                     || total
---------------------------++-------
  Melee: Unarmed           ||   113
         Punch             ||     1
   Stab: Sleeping          ||     2
 Armour: Animal skin       ||    47
  Dodge: Dodged            ||    45

Table legend: (Time is in decaauts)
 A = Elapsed time spent in this place.
 B = Non-inter-level travel time spent in this place.
 C = Inter-level travel time spent in this place.
 D = Time resting spent in this place.
 E = Time spent auto-exploring this place.
 F = Levels seen in this place.
 G = Mean time per level.
                   A        B        C        D        E       F      G
               +--------+--------+--------+--------+--------+-----+--------+
         Total |   1048 |   1034 |     14 |    103 |    634 |   2 |  524.0 |
       Dungeon |   1048 |   1034 |     14 |    103 |    634 |   2 |  524.0 |
               +--------+--------+--------+--------+--------+-----+--------+

Top non-repeatable levels by time:
     D:1: 1005 daAuts
     D:2: 42 daAuts
